TOP OF THE 1ST |
Tulsa Drillers batting - Pitching for Pensacola Blue Wahoos : LHP Mark Sandoval
|
Pitching: LHP Mark Sandoval
|
|
Batting: RHB Marcos Villalobos
|
0-0: Ball 1-0: DOUBLE (Line Drive, 7LS, EV 106.2 MPH)
|
Batting: RHB Daniel Samano
|
0-0: Called Strike 0-1: Called Strike 0-2: Ball 1-2: Ball 2-2: Ball 3-2: Base on Balls
|
Batting: RHB Jonathan Kirsch
|
0-0: Ball 1-0: Foul Ball, location: 2F 1-1: Ball 2-1: Called Strike 2-2: Fly out, F8 (Flyball, 8RS, EV 88.1 MPH)
|
Batting: RHB Nick Getz
|
0-0: Called Strike 0-1: Foul Ball, location: 2F 0-2: Foul Ball, location: 2F 0-2: Ball 1-2: Strikes out swinging
|
Batting: SHB Nate Kopchak
|
0-0: Ball 1-0: Foul Ball, location: 2F 1-1: Fly out, F9 (Line Drive, 9LM, EV 100.0 MPH)
|
Top of the 1st over - 0 runs, 1 hit, 0 errors, 2 left on base; Tulsa 0 - Pensacola 0 |
BOTTOM OF THE 1ST |
Pensacola Blue Wahoos batting - Pitching for Tulsa Drillers : LHP Jonathan Daniels
|
Pitching: LHP Jonathan Daniels
|
|
Batting: RHB Tony Casas
|
0-0: Foul Ball, location: 2F 0-1: Foul Ball, location: 2F 0-2: Ball 1-2: Ball 2-2: Strikes out looking
|
Batting: RHB Sang-ton Pak
|
0-0: Foul Ball, location: 2F 0-1: Called Strike 0-2: Strikes out swinging
|
Batting: RHB Mike Alm
|
0-0: Called Strike 0-1: Foul Ball, location: 2F 0-2: Fly out, F7 (Flyball, 7, EV 98.8 MPH)
|
Bottom of the 1st over - 0 runs, 0 hits, 0 errors, 0 left on base; Tulsa 0 - Pensacola 0 |
TOP OF THE 2ND |
Tulsa Drillers batting - Pitching for Pensacola Blue Wahoos : LHP Mark Sandoval
|
Batting: RHB Kyle Garrett
|
0-0: Called Strike 0-1: Ball 1-1: Ball 2-1: Fly out, F3 (Line Drive, 3L, EV 68.8 MPH)
|
Batting: SHB Justin Toth
|
0-0: SINGLE (Flyball, 8LM, EV 91.2 MPH)
|
Batting: RHB Aaron Burress
|
0-0: Called Strike 0-1: Ball 1-1: Ball 2-1: Fielders Choice at 2nd, 4-6 (Groundball, 4, EV 76.2 MPH)
|
Batting: RHB Robby Cuellar
|
0-0: SINGLE (Groundball, 56S, EV 70.0 MPH) (infield hit) Aaron Burress to second
|
Batting: RHB Marcos Villalobos
|
0-0: Called Strike 0-1: Ball 1-1: Ball 2-1: Called Strike 2-2: Foul Ball, location: 2F 2-2: Foul Ball, location: 2F 2-2: Foul Ball, location: 2F 2-2: Ball 3-2: Base on Balls Aaron Burress to third Robby Cuellar to second
|
Batting: RHB Daniel Samano
|
0-0: Foul Ball, location: 2F 0-1: Foul Ball, location: 2F 0-2: Ball 1-2: Ball 2-2: Foul Ball, location: 2F 2-2: Strikes out swinging
|
Top of the 2nd over - 0 runs, 2 hits, 0 errors, 3 left on base; Tulsa 0 - Pensacola 0 |
BOTTOM OF THE 2ND |
Pensacola Blue Wahoos batting - Pitching for Tulsa Drillers : LHP Jonathan Daniels
|
Batting: RHB Juan Reyes
|
0-0: Swinging Strike 0-1: Swinging Strike 0-2: Foul Ball, location: 2F 0-2: Ball 1-2: Strikes out swinging
|
Batting: RHB Jordan Torres
|
0-0: SINGLE (Groundball, 13S, EV 68.1 MPH) (infield hit)
|
Batting: RHB Joe Kooyers
|
0-0: Ball 1-0: Fielders Choice at 2nd, 1-4 (Groundball, 15S, EV 68.8 MPH)
|
Batting: LHB Brian Snyder
|
0-0: Swinging Strike 0-1: Called Strike 0-2: Strikes out swinging
|
Bottom of the 2nd over - 0 runs, 1 hit, 0 errors, 1 left on base; Tulsa 0 - Pensacola 0 |
TOP OF THE 3RD |
Tulsa Drillers batting - Pitching for Pensacola Blue Wahoos : LHP Mark Sandoval
|
Batting: RHB Jonathan Kirsch
|
0-0: Called Strike 0-1: Ball 1-1: Ball 2-1: SINGLE (Flyball, 8LM, EV 91.9 MPH)
|
Batting: RHB Nick Getz
|
0-0: Called Strike 0-1: Fielders Choice at 2nd, 6-4 (Groundball, 6, EV 78.1 MPH)
|
Batting: SHB Nate Kopchak
|
0-0: Called Strike 0-1: Ball 1-1: Foul Ball, location: 2F 1-2: Ball 2-2: Strikes out swinging
|
Batting: RHB Kyle Garrett
|
0-0: Ball 1-0: Ball 2-0: Ball 3-0: Called Strike 3-1: Base on Balls Nick Getz to second
|
Batting: SHB Justin Toth
|
0-0: Fielders Choice at 2nd, 6-4 (Groundball, 6, EV 82.5 MPH)
|
Top of the 3rd over - 0 runs, 1 hit, 0 errors, 2 left on base; Tulsa 0 - Pensacola 0 |
BOTTOM OF THE 3RD |
Pensacola Blue Wahoos batting - Pitching for Tulsa Drillers : LHP Jonathan Daniels
|
Batting: LHB Phil Lomax
|
0-0: Ball 1-0: Foul Ball, location: 2F 1-1: Ball 2-1: Called Strike 2-2: Strikes out swinging
|
Batting: RHB Pat Mage
|
0-0: Ball 1-0: Swinging Strike 1-1: Called Strike 1-2: Ball 2-2: Strikes out looking
|
Batting: RHB Tony Casas
|
0-0: Ground out 6-3 (Groundball, 6, EV 81.2 MPH)
|
Bottom of the 3rd over - 0 runs, 0 hits, 0 errors, 0 left on base; Tulsa 0 - Pensacola 0 |
TOP OF THE 4TH |
Tulsa Drillers batting - Pitching for Pensacola Blue Wahoos : LHP Mark Sandoval
|
Batting: RHB Aaron Burress
|
0-0: Ball 1-0: Ball 2-0: Ball 3-0: Called Strike 3-1: Foul Ball, location: 2F 3-2: Foul Ball, location: 2F 3-2: Base on Balls
|
Batting: RHB Robby Cuellar
|
0-0: Foul Ball, location: 2F 0-1: Ball 1-1: Hit by Pitch Aaron Burress to second
|
Pinch Runner at 1st Kevin Wiebe:
|
|
Batting: RHB Marcos Villalobos
|
0-0: Ball 1-0: Ball 2-0: Called Strike 2-1: Foul Ball, location: 2F 2-2: Strikes out looking
|
Batting: RHB Daniel Samano
|
0-0: Called Strike 0-1: Fielders Choice at 2nd, 6-4 (Groundball, 6, EV 78.1 MPH) Aaron Burress to third
|
Batting: RHB Jonathan Kirsch
|
0-0: Ball 1-0: Called Strike 1-1: Swinging Strike 1-2: Strikes out looking
|
Top of the 4th over - 0 runs, 0 hits, 0 errors, 2 left on base; Tulsa 0 - Pensacola 0 |
BOTTOM OF THE 4TH |
Pensacola Blue Wahoos batting - Pitching for Tulsa Drillers : LHP Jonathan Daniels
|
Now at 1B: Kevin Wiebe
|
|
Batting: RHB Sang-ton Pak
|
0-0: Called Strike 0-1: Ball 1-1: Foul Ball, location: 2F 1-2: Ball 2-2: Fly out, F6 (Line Drive, 6MD, EV 71.2 MPH)
|
Batting: RHB Mike Alm
|
0-0: SINGLE (Line Drive, 6MD, EV 99.4 MPH)
|
Batting: RHB Juan Reyes
|
0-0: Ball Mike Alm steals 2nd base 1-0: Ball 2-0: Called Strike 2-1: Ball 3-1: Ground out 4-3 (Groundball, 6M, EV 111.2 MPH) Mike Alm to third
|
Batting: RHB Jordan Torres
|
0-0: Ground out 6-3 (Groundball, 56, EV 81.2 MPH)
|
Bottom of the 4th over - 0 runs, 1 hit, 0 errors, 1 left on base; Tulsa 0 - Pensacola 0 |
TOP OF THE 5TH |
Tulsa Drillers batting - Pitching for Pensacola Blue Wahoos : LHP Mark Sandoval
|
Batting: RHB Nick Getz
|
0-0: Swinging Strike 0-1: Ball 1-1: Swinging Strike 1-2: Ball 2-2: Strikes out swinging
|
Batting: SHB Nate Kopchak
|
0-0: Foul Ball, location: 2F 0-1: Swinging Strike 0-2: Strikes out swinging
|
Batting: RHB Kyle Garrett
|
0-0: Called Strike 0-1: Ball 1-1: Ball 2-1: Foul Ball, location: 2F 2-2: Strikes out swinging
|
Top of the 5th over - 0 runs, 0 hits, 0 errors, 0 left on base; Tulsa 0 - Pensacola 0 |
BOTTOM OF THE 5TH |
Pensacola Blue Wahoos batting - Pitching for Tulsa Drillers : LHP Jonathan Daniels
|
Batting: RHB Joe Kooyers
|
0-0: Ball 1-0: Ball 2-0: Called Strike 2-1: Foul Ball, location: 2F 2-2: Ball 3-2: Foul Ball, location: 2F 3-2: SINGLE (Groundball, 4MD, EV 108.1 MPH)
|
Batting: LHB Brian Snyder
|
0-0: Reached on error, E6 (Groundball, 4M, EV 83.1 MPH) Joe Kooyers to second
|
Batting: LHB Phil Lomax
|
0-0: Foul Ball, location: 2F 0-1: Ball 1-1: Foul Ball, location: 2F 1-2: Strikes out swinging
|
Batting: RHB Pat Mage
|
0-0: Ball 1-0: Ball 2-0: Swinging Strike 2-1: Foul Ball, location: 2LF, Error on foul ball, E2 2-2: Ball 3-2: Foul Ball, location: 2F 3-2: Foul Ball, location: 2F 3-2: Fly out, F8 (Line Drive, 8RM, EV 95.6 MPH)
|
Batting: RHB Tony Casas
|
0-0: Ball 1-0: Called Strike 1-1: Ball 2-1: Ball 3-1: Foul Ball, location: 2F 3-2: Fly out, F8 (Line Drive, 8RM, EV 106.2 MPH)
|
Bottom of the 5th over - 0 runs, 1 hit, 2 errors, 2 left on base; Tulsa 0 - Pensacola 0 |
TOP OF THE 6TH |
Tulsa Drillers batting - Pitching for Pensacola Blue Wahoos : LHP Mark Sandoval
|
Pitching: RHP Calisto Morda
|
|
Batting: SHB Justin Toth
|
0-0: Called Strike 0-1: Foul Ball, location: 2F 0-2: Ball 1-2: Ball 2-2: Fly out, F8 (Line Drive, 89M, EV 90.0 MPH)
|
Batting: RHB Aaron Burress
|
0-0: Foul Ball, location: 2F 0-1: Ball 1-1: Ball 2-1: Swinging Strike 2-2: Foul Ball, location: 2F 2-2: Ball 3-2: Foul Ball, location: 2F 3-2: Ground out 6-3 (Groundball, 56, EV 88.1 MPH)
|
Batting: LHB Kevin Wiebe
|
0-0: Ball 1-0: Foul Ball, location: 2F 1-1: Foul Ball, location: 2F 1-2: Strikes out swinging
|
Top of the 6th over - 0 runs, 0 hits, 0 errors, 0 left on base; Tulsa 0 - Pensacola 0 |
BOTTOM OF THE 6TH |
Pensacola Blue Wahoos batting - Pitching for Tulsa Drillers : LHP Jonathan Daniels
|
Batting: RHB Sang-ton Pak
|
0-0: Ground out 4-3 (Groundball, 4, EV 86.9 MPH)
|
Batting: RHB Mike Alm
|
0-0: Ball 1-0: SINGLE (Groundball, 13, EV 81.9 MPH) (infield hit)
|
Batting: RHB Juan Reyes
|
0-0: Called Strike Mike Alm steals 2nd base 0-1: Ball 1-1: Swinging Strike 1-2: Fly out, F8 (Flyball, 8LM, EV 91.2 MPH)
|
Batting: RHB Jordan Torres
|
0-0: Ball 1-0: Foul Ball, location: 2F 1-1: Ball 2-1: Ball Wild Pitch! Mike Alm to third 3-1: Base on Balls
|
Pitching: RHP Jordan Arredondo
|
|
Batting: RHB Joe Kooyers
|
0-0: Ball 1-0: SINGLE (Groundball, 56D, EV 103.1 MPH) Mike Alm scores Jordan Torres to second
|
Batting: LHB Brian Snyder
|
0-0: Foul Ball, location: 2F 0-1: Called Strike 0-2: Strikes out swinging
|
Bottom of the 6th over - 1 run, 2 hits, 0 errors, 2 left on base; Tulsa 0 - Pensacola 1 |
TOP OF THE 7TH |
Tulsa Drillers batting - Pitching for Pensacola Blue Wahoos : RHP Calisto Morda
|
Pitching: RHP Josh Pugh
|
|
Batting: RHB Marcos Villalobos
|
0-0: Ball 1-0: Ball 2-0: Foul Ball, location: 2F 2-1: Foul Ball, location: 2F 2-2: Ball 3-2: Strikes out swinging
|
Batting: RHB Daniel Samano
|
0-0: Called Strike 0-1: Foul Ball, location: 2F 0-2: DOUBLE (Line Drive, 78XD, EV 97.5 MPH)
|
Batting: RHB Jonathan Kirsch
|
0-0: Called Strike Daniel Samano steals 3rd base 0-1: Swinging Strike 0-2: Ball 1-2: Ball 2-2: Strikes out looking
|
Pinch Hitting: LHB Chris Buchan
|
0-0: Called Strike 0-1: Ball 1-1: Ground out 4-3 (Groundball, 4, EV 85.0 MPH)
|
Top of the 7th over - 0 runs, 1 hit, 0 errors, 1 left on base; Tulsa 0 - Pensacola 1 |
BOTTOM OF THE 7TH |
Pensacola Blue Wahoos batting - Pitching for Tulsa Drillers : RHP Jordan Arredondo
|
Now in LF: Chris Barrera
|
|
Batting: LHB Phil Lomax
|
0-0: Swinging Strike 0-1: Called Strike 0-2: Ball 1-2: Foul Ball, location: 2F 1-2: Strikes out swinging
|
Batting: RHB Pat Mage
|
0-0: Ball 1-0: Fly out, F8 (Flyball, 8LD, EV 97.5 MPH)
|
Batting: RHB Tony Casas
|
0-0: Ball 1-0: Swinging Strike 1-1: Called Strike 1-2: Ball 2-2: Ball 3-2: Base on Balls
|
Batting: RHB Sang-ton Pak
|
0-0: Called Strike 0-1: Foul Ball, location: 2F 0-2: Foul Ball, location: 2F 0-2: Foul Ball, location: 2F 0-2: Ground out 2-3 (Groundball, 15S, EV 71.9 MPH)
|
Bottom of the 7th over - 0 runs, 0 hits, 0 errors, 1 left on base; Tulsa 0 - Pensacola 1 |
TOP OF THE 8TH |
Tulsa Drillers batting - Pitching for Pensacola Blue Wahoos : RHP Josh Pugh
|
Batting: SHB Nate Kopchak
|
0-0: Ball 1-0: Foul Ball, location: 2F 1-1: Called Strike 1-2: Ball 2-2: SOLO HOME RUN (Flyball, 9LD, EV 93.1 MPH), Distance : 343 ft
|
Batting: RHB Kyle Garrett
|
0-0: Foul Ball, location: 2F 0-1: Ball 1-1: SINGLE (Groundball, 56D, EV 101.9 MPH)
|
Batting: SHB Justin Toth
|
0-0: Ball 1-0: Swinging Strike 1-1: Foul Ball, location: 2F 1-2: Strikes out swinging
|
Batting: RHB Aaron Burress
|
0-0: Ball 1-0: Ball 2-0: Called Strike 2-1: Ball 3-1: Base on Balls Kyle Garrett to second
|
Pitching: LHP Brett Grijalva
|
|
Pinch Hitting: RHB Tony Rivera
|
0-0: Foul Ball, location: 2F 0-1: Ball 1-1: Ball 2-1: Foul Ball, location: 2F 2-2: Hit by Pitch Kyle Garrett to third Aaron Burress to second
|
Pitching: RHP Rob Penton
|
|
Batting: RHB Marcos Villalobos
|
0-0: Foul Ball, location: 2F 0-1: Ball 1-1: Ball 2-1: Ball 3-1: Foul Ball, location: 2F 3-2: Strikes out swinging
|
Batting: RHB Daniel Samano
|
0-0: Foul Ball, location: 2F 0-1: Ball 1-1: Fly out, F3 (Popup, 3F, EV 66.2 MPH)
|
Top of the 8th over - 1 run, 2 hits, 0 errors, 3 left on base; Tulsa 1 - Pensacola 1 |
BOTTOM OF THE 8TH |
Pensacola Blue Wahoos batting - Pitching for Tulsa Drillers : RHP Jordan Arredondo
|
Now at 1B: Tony Rivera
|
|
Batting: RHB Mike Alm
|
0-0: Fly out, F7 (Line Drive, 78M, EV 85.6 MPH)
|
Batting: RHB Juan Reyes
|
0-0: Ball 1-0: Swinging Strike 1-1: Called Strike 1-2: Strikes out swinging
|
Batting: RHB Jordan Torres
|
0-0: Ball 1-0: Swinging Strike 1-1: Fly out, F3 (Popup, 3SF, EV 71.2 MPH)
|
Bottom of the 8th over - 0 runs, 0 hits, 0 errors, 0 left on base; Tulsa 1 - Pensacola 1 |
TOP OF THE 9TH |
Tulsa Drillers batting - Pitching for Pensacola Blue Wahoos : RHP Rob Penton
|
Batting: RHB Jonathan Kirsch
|
0-0: Called Strike 0-1: SINGLE (Line Drive, 3D, EV 98.1 MPH)
|
Batting: LHB Chris Barrera
|
0-0: Ball 1-0: Called Strike 1-1: Fly out, F8 (Flyball, 8LD, EV 96.2 MPH)
|
Batting: SHB Nate Kopchak
|
0-0: Ball 1-0: Called Strike 1-1: Ball 2-1: Foul Ball, location: 2F 2-2: Ball 3-2: Fielders Choice at 2nd, 4-6 (Groundball, 4, EV 84.4 MPH)
|
Batting: RHB Kyle Garrett
|
0-0: Called Strike 0-1: Ball 1-1: Called Strike 1-2: Strikes out looking
|
Top of the 9th over - 0 runs, 1 hit, 0 errors, 1 left on base; Tulsa 1 - Pensacola 1 |
BOTTOM OF THE 9TH |
Pensacola Blue Wahoos batting - Pitching for Tulsa Drillers : RHP Jordan Arredondo
|
Pitching: RHP Etsuji Kawasaki
|
|
Batting: RHB Joe Kooyers
|
0-0: Called Strike 0-1: Called Strike 0-2: Foul Ball, location: 2F 0-2: Ground out 4-3 (Groundball, 4, EV 103.8 MPH)
|
Batting: LHB Brian Snyder
|
0-0: Called Strike 0-1: Ground out 4-3 (Groundball, 4, EV 77.5 MPH)
|
Batting: LHB Phil Lomax
|
0-0: Ball 1-0: Ball 2-0: Swinging Strike 2-1: Foul Ball, location: 2F 2-2: Strikes out swinging
|
Bottom of the 9th over - 0 runs, 0 hits, 0 errors, 0 left on base; Tulsa 1 - Pensacola 1 |
TOP OF THE 10TH |
Tulsa Drillers batting - Pitching for Pensacola Blue Wahoos : RHP Rob Penton
|
Batting: SHB Justin Toth
|
0-0: SINGLE (Groundball, 34D, EV 95.6 MPH)
|
Batting: RHB Aaron Burress
|
0-0: Called Strike 0-1: Ball 1-1: Ball 2-1: Ball 3-1: Foul Ball, location: 2F 3-2: Foul Ball, location: 2F 3-2: Strikes out looking Justin Toth is caught stealing 2nd base 2-4 Batter strikes out.
|
Batting: RHB Tony Rivera
|
0-0: Foul Ball, location: 2F 0-1: Ball 1-1: Ball 2-1: SINGLE (Groundball, 6MS, EV 69.4 MPH) (infield hit)
|
Pitching: RHP Chris Miles
|
|
Batting: RHB Marcos Villalobos
|
0-0: Ball 1-0: Fly out, F9 (Line Drive, 9, EV 105.6 MPH)
|
Top of the 10th over - 0 runs, 2 hits, 0 errors, 1 left on base; Tulsa 1 - Pensacola 1 |
BOTTOM OF THE 10TH |
Pensacola Blue Wahoos batting - Pitching for Tulsa Drillers : RHP Etsuji Kawasaki
|
Batting: RHB Pat Mage
|
0-0: Reached on error, E5 (Groundball, 56S, EV 74.4 MPH)
|
Batting: RHB Tony Casas
|
0-0: Intentional Walk
|
Batting: RHB Sang-ton Pak
|
0-0: Ball Wild Pitch! Pat Mage to third Tony Casas to second 1-0: Fly out, F8 (Flyball, 8LS, EV 90.0 MPH)
|
Batting: RHB Mike Alm
|
0-0: Foul Ball, location: 2F 0-1: Foul Ball, location: 2F 0-2: Ball 1-2: Strikes out looking
|
Batting: RHB Juan Reyes
|
0-0: Intentional Walk
|
Batting: RHB Jordan Torres
|
0-0: Ground out 3-1 (Groundball, 34S, EV 77.5 MPH)
|
Bottom of the 10th over - 0 runs, 0 hits, 1 error, 3 left on base; Tulsa 1 - Pensacola 1 |
TOP OF THE 11TH |
Tulsa Drillers batting - Pitching for Pensacola Blue Wahoos : RHP Chris Miles
|
Batting: RHB Daniel Samano
|
0-0: Called Strike 0-1: Ball 1-1: Ball 2-1: Foul Ball, location: 2F 2-2: Strikes out swinging
|
Batting: RHB Jonathan Kirsch
|
0-0: Ball 1-0: Ground out 5-3 (Groundball, 56, EV 103.1 MPH)
|
Batting: LHB Chris Barrera
|
0-0: Swinging Strike 0-1: Ball 1-1: Called Strike 1-2: Foul Ball, location: 2F 1-2: Ball 2-2: Strikes out swinging
|
Top of the 11th over - 0 runs, 0 hits, 0 errors, 0 left on base; Tulsa 1 - Pensacola 1 |
BOTTOM OF THE 11TH |
Pensacola Blue Wahoos batting - Pitching for Tulsa Drillers : RHP Etsuji Kawasaki
|
Batting: RHB Joe Kooyers
|
0-0: SINGLE (Groundball, 56, EV 96.2 MPH)
|
Batting: LHB Brian Snyder
|
0-0: Ball Wild Pitch! Joe Kooyers to second 1-0: Swinging Strike 1-1: Called Strike 1-2: Foul Ball, location: 2F 1-2: Foul Ball, location: 2F 1-2: Strikes out swinging
|
Batting: LHB Phil Lomax
|
0-0: Intentional Walk
|
Batting: RHB Pat Mage
|
0-0: Called Strike 0-1: Grounds into double play, 4-6-3 (Groundball, 4, EV 85.6 MPH)
|
Bottom of the 11th over - 0 runs, 1 hit, 0 errors, 1 left on base; Tulsa 1 - Pensacola 1 |
TOP OF THE 12TH |
Tulsa Drillers batting - Pitching for Pensacola Blue Wahoos : RHP Chris Miles
|
Batting: SHB Nate Kopchak
|
0-0: Ball 1-0: Called Strike 1-1: Fly out, F8 (Flyball, 8LD, EV 103.1 MPH)
|
Batting: RHB Kyle Garrett
|
0-0: Ball 1-0: Foul Ball, location: 2F 1-1: Ball 2-1: Swinging Strike 2-2: Strikes out swinging
|
Batting: SHB Justin Toth
|
0-0: Fly out, F9 (Flyball, 9LDF, EV 106.2 MPH)
|
Top of the 12th over - 0 runs, 0 hits, 0 errors, 0 left on base; Tulsa 1 - Pensacola 1 |
BOTTOM OF THE 12TH |
Pensacola Blue Wahoos batting - Pitching for Tulsa Drillers : RHP Etsuji Kawasaki
|
Pitching: RHP Jeff Coates
|
|
Batting: RHB Tony Casas
|
0-0: Ground out 5-3 (Groundball, 5L, EV 88.8 MPH)
|
Batting: RHB Sang-ton Pak
|
0-0: Ground out 6-3 (Groundball, 6, EV 84.4 MPH)
|
Batting: RHB Mike Alm
|
0-0: Ball 1-0: Ball 2-0: Ball 3-0: Hit by Pitch
|
Batting: RHB Juan Reyes
|
0-0: Swinging Strike 0-1: Called Strike 0-2: Foul Ball, location: 2F 0-2: Ball Pickoff Play to 1st, Runner tries for 2nd, SAFE after rundown. 1-2: Ball 2-2: Fly out, F9 (Flyball, 9D, EV 103.8 MPH)
|
Bottom of the 12th over - 0 runs, 0 hits, 0 errors, 1 left on base; Tulsa 1 - Pensacola 1 |
TOP OF THE 13TH |
Tulsa Drillers batting - Pitching for Pensacola Blue Wahoos : RHP Chris Miles
|
Batting: RHB Aaron Burress
|
0-0: Foul Ball, location: 2F 0-1: Ball 1-1: Called Strike 1-2: Ball 2-2: Ball 3-2: Foul Ball, location: 2F 3-2: Ground out 4-3 (Groundball, 4, EV 82.5 MPH)
|
Batting: RHB Tony Rivera
|
0-0: Ball 1-0: SINGLE (Groundball, 5D, EV 104.4 MPH)
|
Batting: RHB Marcos Villalobos
|
0-0: Swinging Strike 0-1: Called Strike 0-2: Strikes out looking
|
Batting: RHB Daniel Samano
|
0-0: Ball 1-0: DOUBLE (Line Drive, 78D, EV 100.6 MPH) Tony Rivera to third Runner from 3rd tries for Home, SAFE, throw by LF to home
|
Pitching: RHP Victor Uriegas
|
|
Batting: RHB Jonathan Kirsch
|
0-0: Called Strike 0-1: Ball 1-1: Called Strike 1-2: Strikes out swinging
|
Top of the 13th over - 1 run, 2 hits, 0 errors, 1 left on base; Tulsa 2 - Pensacola 1 |
BOTTOM OF THE 13TH |
Pensacola Blue Wahoos batting - Pitching for Tulsa Drillers : RHP Jeff Coates
|
Batting: RHB Jordan Torres
|
0-0: Called Strike 0-1: Ball 1-1: Called Strike 1-2: Ball 2-2: SINGLE (Flyball, 9LS, EV 90.6 MPH)
|
Batting: RHB Joe Kooyers
|
0-0: Ball 1-0: SINGLE (Groundball, 6MD, EV 81.9 MPH) (infield hit) Jordan Torres to second
|
Batting: LHB Brian Snyder
|
0-0: Ball 1-0: Ball 2-0: Swinging Strike 2-1: Foul Ball, location: 2F 2-2: Strikes out swinging
|
Batting: LHB Phil Lomax
|
0-0: SINGLE (Line Drive, 5D, EV 98.1 MPH) Jordan Torres to third Joe Kooyers to second Runner from 3rd tries for Home, SAFE, throw by LF to home
|
Batting: RHB Pat Mage
|
0-0: Foul Ball, location: 2F 0-1: Ball 1-1: Sac Bunt to 13S - play at first, batter OUT! 1-4 Joe Kooyers to third Phil Lomax to second
|
Batting: RHB Tony Casas
|
0-0: Intentional Walk
|
Batting: RHB Sang-ton Pak
|
0-0: Fly out, F9 (Line Drive, 9LM, EV 92.5 MPH)
|
Bottom of the 13th over - 1 run, 3 hits, 0 errors, 3 left on base; Tulsa 2 - Pensacola 2 |
TOP OF THE 14TH |
Tulsa Drillers batting - Pitching for Pensacola Blue Wahoos : RHP Victor Uriegas
|
Batting: LHB Chris Barrera
|
0-0: Called Strike 0-1: Ball 1-1: Ball 2-1: Ground out U3 (Groundball, 34, EV 90.0 MPH)
|
Batting: SHB Nate Kopchak
|
0-0: Ball 1-0: Ball 2-0: Called Strike 2-1: Foul Ball, location: 2F 2-2: Strikes out swinging
|
Batting: RHB Kyle Garrett
|
0-0: Called Strike 0-1: Fly out, F7 (Flyball, 78M, EV 93.1 MPH)
|
Top of the 14th over - 0 runs, 0 hits, 0 errors, 0 left on base; Tulsa 2 - Pensacola 2 |
BOTTOM OF THE 14TH |
Pensacola Blue Wahoos batting - Pitching for Tulsa Drillers : RHP Jeff Coates
|
Batting: RHB Mike Alm
|
0-0: Ball 1-0: Foul Ball, location: 2F 1-1: Ball 2-1: Foul Ball, location: 2F 2-2: Strikes out swinging
|
Batting: RHB Juan Reyes
|
0-0: Ball 1-0: Foul Ball, location: 2F 1-1: Swinging Strike 1-2: Ball 2-2: Strikes out swinging
|
Pitching: LHP William Lobo
|
|
Batting: RHB Jordan Torres
|
0-0: Ball 1-0: Ground out 6-3 (Groundball, 6, EV 85.6 MPH)
|
Bottom of the 14th over - 0 runs, 0 hits, 0 errors, 0 left on base; Tulsa 2 - Pensacola 2 |
TOP OF THE 15TH |
Tulsa Drillers batting - Pitching for Pensacola Blue Wahoos : RHP Victor Uriegas
|
Batting: SHB Justin Toth
|
0-0: Called Strike 0-1: Foul Ball, location: 2F 0-2: Foul Ball, location: 2F 0-2: Foul Ball, location: 2F 0-2: Fly out, F7 (Flyball, 7S, EV 83.1 MPH)
|
Batting: RHB Aaron Burress
|
0-0: Ball 1-0: Called Strike 1-1: Swinging Strike 1-2: Strikes out swinging
|
Batting: RHB Tony Rivera
|
0-0: Swinging Strike 0-1: Ball 1-1: Called Strike 1-2: Foul Ball, location: 2F 1-2: Ball 2-2: Fly out, F6 (Line Drive, 6M, EV 63.8 MPH)
|
Top of the 15th over - 0 runs, 0 hits, 0 errors, 0 left on base; Tulsa 2 - Pensacola 2 |
BOTTOM OF THE 15TH |
Pensacola Blue Wahoos batting - Pitching for Tulsa Drillers : LHP William Lobo
|
Batting: RHB Joe Kooyers
|
0-0: Ball 1-0: Ground out 6-3 (Groundball, 6, EV 78.1 MPH)
|
Batting: LHB Brian Snyder
|
0-0: Ball 1-0: Swinging Strike 1-1: Ground out 1-3 (Groundball, 34S, EV 70.0 MPH)
|
Batting: LHB Phil Lomax
|
0-0: Foul Ball, location: 2F 0-1: Foul Ball, location: 2F 0-2: Ball 1-2: Strikes out swinging
|
Bottom of the 15th over - 0 runs, 0 hits, 0 errors, 0 left on base; Tulsa 2 - Pensacola 2 |
TOP OF THE 16TH |
Tulsa Drillers batting - Pitching for Pensacola Blue Wahoos : RHP Victor Uriegas
|
Pitching: LHP Bob Hale
|
|
Batting: RHB Marcos Villalobos
|
0-0: Called Strike 0-1: Ground out 2-3 (Groundball, 15S, EV 68.1 MPH)
|
Batting: RHB Daniel Samano
|
0-0: Swinging Strike 0-1: Called Strike 0-2: Ball 1-2: Ball 2-2: Ball 3-2: Foul Ball, location: 2F 3-2: Fly out, F4 (Popup, 4M, EV 68.8 MPH)
|
Batting: RHB Jonathan Kirsch
|
0-0: Called Strike 0-1: Ball 1-1: Swinging Strike 1-2: Strikes out swinging, 2-3 out at first.
|
Top of the 16th over - 0 runs, 0 hits, 0 errors, 0 left on base; Tulsa 2 - Pensacola 2 |
BOTTOM OF THE 16TH |
Pensacola Blue Wahoos batting - Pitching for Tulsa Drillers : LHP William Lobo
|
Batting: RHB Pat Mage
|
0-0: Called Strike 0-1: Foul Ball, location: 2F 0-2: Strikes out swinging
|
Batting: RHB Tony Casas
|
0-0: Swinging Strike 0-1: Ball 1-1: Ball 2-1: Foul Ball, location: 2F 2-2: Reached on error, E5 (Groundball, 56, EV 84.4 MPH)
|
Batting: RHB Sang-ton Pak
|
0-0: Ground out 4-3 (Groundball, 4, EV 83.8 MPH) Tony Casas to third
|
Batting: RHB Mike Alm
|
0-0: Foul Ball, location: 2F 0-1: Foul Ball, location: 2F 0-2: Foul Ball, location: 2F 0-2: Strikes out swinging
|
Bottom of the 16th over - 0 runs, 0 hits, 1 error, 1 left on base; Tulsa 2 - Pensacola 2 |
TOP OF THE 17TH |
Tulsa Drillers batting - Pitching for Pensacola Blue Wahoos : LHP Bob Hale
|
Batting: LHB Chris Barrera
|
0-0: Ball 1-0: Ball 2-0: Called Strike 2-1: Ball 3-1: SINGLE (Groundball, 4, EV 95.6 MPH)
|
Batting: SHB Nate Kopchak
|
0-0: Called Strike 0-1: Fly out, F4 (Popup, 4M, EV 62.5 MPH)
|
Batting: RHB Kyle Garrett
|
0-0: Fly out, F8 (Flyball, 8RD, EV 105.0 MPH)
|
Batting: SHB Justin Toth
|
0-0: Foul Ball, location: 2F 0-1: Ball 1-1: Called Strike 1-2: Ball 2-2: Strikes out looking
|
Top of the 17th over - 0 runs, 1 hit, 0 errors, 1 left on base; Tulsa 2 - Pensacola 2 |
BOTTOM OF THE 17TH |
Pensacola Blue Wahoos batting - Pitching for Tulsa Drillers : LHP William Lobo
|
Batting: RHB Juan Reyes
|
0-0: Ball 1-0: Foul Ball, location: 2F 1-1: Foul Ball, location: 2F 1-2: Ball 2-2: SINGLE (Flyball, 4D, EV 85.0 MPH)
|
Pitching: RHP Josh Weiser
|
|
Batting: RHB Jordan Torres
|
0-0: Ball 1-0: Ball 2-0: Swinging Strike 2-1: Reached on error, E5 (Groundball, 56, EV 91.9 MPH) Juan Reyes to second
|
Batting: RHB Joe Kooyers
|
0-0: Called Strike 0-1: Grounds into double play, 6-4-3 (Groundball, 6, EV 79.4 MPH) Juan Reyes to third
|
Pitching: RHP Carlos Llamas
|
|
Batting: LHB Brian Snyder
|
0-0: Ball 1-0: SINGLE (Line Drive, 8RS, EV 93.1 MPH) Juan Reyes scores
|
Bottom of the 17th over - 1 run, 2 hits, 1 error, 1 left on base; Tulsa 2 - Pensacola 3 |
|